 Dungeon Crawl Stone Soup version 0.31-a0-1-g4198be8af4 (webtiles) character file.

Game seed: 13249134304889082880

210 Jase the Insei (level 5, -2/33 HPs)
             Began as an Octopode Transmuter on May 1, 2023.
             Was an Initiate of Wu Jian.
             Constricted to death by Sigmund (4 damage)
             ... on level 4 of the Dungeon.
             The game lasted 00:07:12 (2643 turns).

Jase the Insei (Octopode Transmuter)                Turns: 2643, Time: 00:07:13

Health: -2/33      AC:  5    Str:  9    XL:     5   Next: 87%
Magic:  5/8        EV: 11    Int: 17    God:    Wu Jian [......]
Gold:   114        SH:  0    Dex: 13    Spells: 2/8 levels left

rFire   . .          .
                       - Unarmed
rCold   . . .        (no shield)
rNeg    . . .        (helmet currently unavailable)
rPois   .            (no amulet)
rElec   .            l - +4 ring of protection
rCorr   .            (no ring)
SInv    .            (no ring)
Will    .....        (no ring)
Stlth   ++           (no ring)
HPRegen 0.25/turn    (no ring)
MPRegen 0.11/turn    (no ring)
                     (no ring)

%: no passive effects
@: appendages, wereblooded, grasped by roots, constricted
A: tentacle spike 3, almost no armour, amphibious, 8 rings, camouflage 1,
gelatinous body 1, (nimble swimmer 1), tentacles
a: End Transformation, Renounce Religion


You were on level 4 of the Dungeon.
You worshipped Wu Jian.
Wu Jian was noncommittal.
One of your tentacles had grown a beastly spike.
You visited 1 branch of the dungeon, and saw 4 of its levels.

You collected 114 gold pieces.

Inventory:

Hand Weapons
 k - a +3 dagger of venom
Jewellery
 l - a +4 ring of protection (left tentacle)
Scrolls
 d - a scroll of enchant weapon
 g - a scroll of teleportation
 i - a scroll of magic mapping {unknown}
Potions
 a - a potion of mutation
 c - a potion of heal wounds
 e - a potion of attraction
 j - 2 potions of curing {unknown}


   Skills:
 - Level 1.0 Fighting
 + Level 3.7 Dodging
 + Level 4.3 Unarmed Combat
 - Level 2.0 Spellcasting
 + Level 3.7 Transmutations


You had 2 spell levels left.
You knew the following spells:

 Your Spells              Type           Power      Damage    Failure   Level
a - Beastly Appendage     Tmut           28%        N/A       4%          1
b - Wereblood             Tmut           14%        N/A       6%          2
c - Spider Form           Tmut/Pois      8%         N/A       26%         3

Your spell library contained the following spells:

 Spells                   Type           Power      Damage    Failure   Level
 Sublimation of Blood     Necr           1%         N/A       28%         2
 Call Canine Familiar     Summ           1%         N/A       50%         3
 Portal Projectile        Hex/Tloc       2%         N/A       50%         3
 Tukima's Dance           Hex            1%         N/A       50%         3
 Ice Form                 Ice/Tmut       8%         N/A       65%         4
 Petrify                  Tmut/Erth      8%         N/A       65%         4
 Leda's Liquefaction      Hex/Erth       0%         N/A       88%         4
 Passage of Golubria      Tloc           1%         N/A       88%         4
 Irradiate                Conj/Tmut      4%         3d13      94%         5
 Yara's Violent Unravell  Hex/Tmut       4%         3d4       94%         5


Dungeon Overview and Level Annotations

Branches:
Dungeon (4/15)
 Temple: D:4-7

Altars:
Wu Jian

Shops:
D:4 [

Annotations:
D:4 6 exclusions, Menkaure, Sigmund


Innate Abilities, Weirdness & Mutations

One of your tentacles has grown a beastly spike.
You cannot wear most types of armour.
You are amphibious.
You can wear up to eight rings at the same time.
Your skin changes colour to match your surroundings (Stealth+).
Your rubbery body absorbs attacks. (AC +1, EV +1)
((You are camouflaged when in or above water. (Stealth+)))
You have tentacles for arms and can constrict up to eight enemies at once.


Message History

The iguana is almost dead.
The iguana bites you!
You tentacle-slap the iguana.
You feel a bit better.
You kill the iguana!
The Council accepts your kill.
You howl as the wereblood boils in your veins!
Sigmund the Dreaded comes into view.
He is wielding a +0 scythe and carrying a wand of roots (13).
You lunge at Menkaure.
You barely miss Menkaure. You grab Menkaure.
You constrict Menkaure, but do no damage.
Menkaure gestures at you while chanting.
Pain shoots through your body!
Sigmund moves out of view.
You see here an iguana corpse.
You tentacle-slap Menkaure.
You pierce Menkaure.
Menkaure is moderately damaged.
You constrict Menkaure.
Menkaure calls on the powers of darkness!
Sigmund convulses!
Your body is wracked with pain!
* * * LOW HITPOINT WARNING * * *
Unknown command.
You tentacle-slap Menkaure.
Menkaure is moderately damaged.
You constrict Menkaure. Menkaure closely misses you.
Unknown command.
You tentacle-slap Menkaure but do no damage.
You squeeze Menkaure.
Menkaure is heavily damaged.
You hear the slow rusting of a very distant drain.
You constrict Menkaure.
Sigmund zaps a wand.
The roots erupt in riotous growth!
Menkaure is unaffected.
Sigmund is unaffected.
The grasping roots grab you! The grasping roots constrict you.
* * * LOW HITPOINT WARNING * * *
Unknown command.
As you read the scroll labelled WOBREE ACWEBETU, it crumbles to dust.
It is a scroll of amnesia.
Really abort (and waste the scroll)?
Okay, then.
You constrict Menkaure. Menkaure barely misses you. Sigmund barely misses you.
The grasping roots constrict you.
You die...

.....)..[...+........>#.#
..###.......#######.#.#.#
............# #.#.#.#
......####### ##.#.#.#
.......∩... #..#.#.#
...........# ##.##.#.#
o.###....... #..##...# ..
##....... ##.#######
8.8.8.###@.# .......@M.##
..........# .....#...##
...) #...# .. #...# ....#
.....# $8.####


You could see Sigmund and Menkaure.

Vanquished Creatures
  A scorpion (D:3)
  An iguana (D:4)
  4 gnolls (D:2)
  4 adders
  3 dart slugs
  8 ball pythons
  2 bats (D:1)
  2 endoplasms
  4 giant cockroaches
  5 goblins
  4 hobgoblins
  6 jackals (D:3)
  2 quokkas
  A frilled lizard (D:1)
  3 kobolds
  3 rats
53 creatures vanquished.

Notes
Turn   | Place    | Note
-------+----------+-------------------------------------------
     0 | D:1      | Jase the Octopode Transmuter began the quest for the Orb.
     0 | D:1      | Reached XP level 1. HP: 13/13 MP: 3/3
   196 | D:1      | Reached XP level 2. HP: 17/18 MP: 3/5
   769 | D:2      | Reached XP level 3. HP: 13/23 MP: 4/6
  1202 | D:2      | Reached XP level 4. HP: 17/28 MP: 5/7
  1291 | D:2      | Learned a level 2 spell: Wereblood
  1295 | D:2      | Learned a level 3 spell: Spider Form
  1755 | D:3      | Noticed a scorpion
  1762 | D:3      | Killed a scorpion
  1763 | D:3      | Reached skill level 4 in Unarmed Combat
  1763 | D:3      | Reached XP level 5. HP: 33/33 MP: 6/8
  2442 | D:3      | Found an ornate altar of the Wu Jian Council.
  2450 | D:3      | Became a worshipper of the Wu Jian Council
  2629 | D:4      | Noticed Menkaure
  2631 | D:4      | Found Femou's Antique Armour Shop.
  2639 | D:4      | Noticed Sigmund
  2642 | D:4      | HP: 1/33 [constriction (6)]
  2643 | D:4      | Constricted to death by Sigmund

Illustrated notes

Levels and vault maps discovered:
D:1:      shiori_arrival_maze, layout_rooms, serial_curves, eino_curves_02,
          eino_curves_02, eino_curves_02, eino_curves_04
D:2:      layout_rooms
D:3:      layout_basic, nzn_wu_jian_council_hall, dk_noncrumbling_3
D:4:      layout_basic, eat_drink_and_be_merry_uskayaw, serial_shops, shop,
          shop, cheibrodos_sewer_entry_sluice, chequers_serial_rivers_room_b,
          uniq_grinder, uniq_sigmund, uniq_menkaure

Skill      XL: |  1  2  3  4 |
---------------+-------------+-----
Dodging        | 3 |  3.7
Transmutations | 3 |  3.7
Unarmed Combat | 4 |  4.3
Fighting       | |  1.0
Spellcasting   | |  2.0

Action                     |  1- 3 |  4- 6 || total
---------------------------+-------+-------++-------
  Melee: Unarmed           |    62 |    60 ||   122
         Tentacles         |    14 |    15 ||    29
         Constrict         |    17 |    14 ||    31
         Kick              |    16 |    24 ||    40
         Punch             |     1 |     1 ||     2
   Cast: Beastly Appendage |    22 |    15 ||    37
         Wereblood         |       |     3 ||     3
Ability: Lunge             |       |     1 ||     1
    Use: Potion            |       |     1 ||     1
         Scroll            |       |     7 ||     7
   Stab: Sleeping          |     2 |     3 ||     5
 Armour: Skin              |     7 |     7 ||    14
  Dodge: Dodged            |    27 |    29 ||    56

Table legend: (Time is in decaauts)
 A = Elapsed time spent in this place.
 B = Non-inter-level travel time spent in this place.
 C = Inter-level travel time spent in this place.
 D = Time resting spent in this place.
 E = Time spent auto-exploring this place.
 F = Levels seen in this place.
 G = Mean time per level.
                   A        B        C        D        E       F      G
               +--------+--------+--------+--------+--------+-----+--------+
         Total |   2634 |   2469 |    165 |    149 |   1795 |   4 |  658.5 |
       Dungeon |   2634 |   2469 |    165 |    149 |   1795 |   4 |  658.5 |
               +--------+--------+--------+--------+--------+-----+--------+

Top non-repeatable levels by time:
     D:3: 913 daAuts
     D:1: 839 daAuts
     D:2: 769 daAuts
     D:4: 113 daAuts
